 Dungeon Crawl Stone Soup version 0.23.1 (webtiles) character file.

Game seed: 14691939298659589433

28 Borgoz the Sneak (level 3, -2/27 HPs)
             Began as a Ghoul Enchanter on Mar 5, 2019.
             Slain by a goblin
             ... wielding a +0 club
              (5 damage)
             ... on level 2 of the Dungeon.
             The game lasted 00:02:25 (1264 turns).

Borgoz the Sneak (Ghoul Enchanter)                  Turns: 1264, Time: 00:02:26

Health: -2/27      AC:  0    Str: 11      XL:     3   Next: 12%
Magic:  4/4        EV: 11    Int:  9 (10) God:
Gold:   26         SH:  0    Dex:  9 (10) Spells: 4/5 levels left

rFire    . . .     SeeInvis .   e - +1 dagger (elec)
rCold    + . .     Gourm    .   (no shield)
rNeg     + + +     Faith    .   h - -2 leather armour (curse)
rPois    ∞         Spirit   .   (no helmet)
rElec    .         Reflect  .   (no cloak)
rCorr    .         Harm     .   j - -2 pair of gloves (curse)
MR       .....                  (no boots)
Stlth    ++........             (no amulet)
HPRegen  0.00/turn              (no ring)
MPRegen  0.09/turn              (no ring)

@: rotting
A: rotting body, claws 1, carnivore, cold resistance 1, negative energy
resistance 3, inhibited regeneration, torment resistance, unbreathing
a: no special abilities


You were on level 2 of the Dungeon.
You were not hungry.

You visited 1 branch of the dungeon, and saw 2 of its levels.

You collected 26 gold pieces.

Inventory:

Hand Weapons
 e - a +1 dagger of electrocution (weapon)
Missiles
 k - 2 tomahawks (quivered)
Armour
 h - a cursed -2 leather armour (worn)
 j - a cursed -2 pair of gloves (worn)
Jewellery
 g - an uncursed ring of fire
Comestibles
 d - 2 rations


   Skills:
 + Level 0.6 Fighting
 * Level 1.4 Short Blades
 + Level 0.4 Armour
 * Level 2.1 Dodging
 + Level 3.4 Stealth
 + Level 1.9 Spellcasting
 + Level 2.5 Hexes


You had 4 spell levels left.
You knew the following spells:

 Your Spells              Type           Power        Failure   Level  Hunger
a - Corona                Hex            #......      16%         1    ##.....

Your spell library contained the following spells:

 Spells                   Type           Power        Failure   Level  Hunger
 Ensorcelled Hibernation  Hex/Ice        #.....       36%         2    ###....
 Confuse                  Hex            #.......     43%         3    ####...
 Tukima's Dance           Hex            #.......     43%         3    ####...
 Dazzling Spray           Conj/Hex       #.....       61%         3    ####...


Dungeon Overview and Level Annotations

Branches:
Dungeon (2/15)

Altars:


Innate Abilities, Weirdness & Mutations

Your body is rotting away.
You thrive on raw meat.
You are immune to poison.
You have sharp fingernails.
You are carnivorous and can eat meat at any time.
Your flesh is cold resistant. (rC+)
You are immune to negative energy. (rN+++)
You do not regenerate when monsters are visible.
You are immune to unholy pain and torment.
You can survive without breathing.


Message History

The adder barely misses you.
You closely miss the adder. The adder closely misses you.
You hit the adder but do no damage. Lightning courses through the adder!!
You kill the adder!
You have reached level 3!
Your experience leads to an increase in your attributes!
Your base attributes are Str 11, Int 10, Dex 9.
Increase (S)trength, (I)ntelligence, or (D)exterity?
You feel agile.
You barely miss the hobgoblin. The hobgoblin barely misses you.
You hit the hobgoblin.
The hobgoblin is severely wounded.
You hit the hobgoblin but do no damage.
Lightning courses through the hobgoblin!
You kill the hobgoblin!
You closely miss the goblin. The goblin hits you with a +0 club.
* * * LOW HITPOINT WARNING * * *
You barely miss the goblin. The goblin barely misses you.
You barely miss the goblin. The goblin hits you with a +0 club.
You die...

..........#*,* #.......,,,,,,,,,,
##........##,* #......#**,,,,,,,*
###..........###......###.,,,*,,*
# #.########,.............,,*_*,*
# #.# ****#.....?....>,,*,,* #
#.# ###.#.#****,,,,,,* ###.#
#§§...# *****,,, ##<.# #g#§###
******,,* .#..#### #@#...*
*,,,,*,,* .......#
###§######**,,,,*,,*
.#..#..#######.§§§.....#*,,,,,,,,
...........[...........#*,,,,*,,,
###.#.......##.........#*,,,,*,,,
#.......##.#..........#*,,,,*,,,
#..#(#..##.#..........#*,,,,*,,,
#.##.#..##.#..........#*,,,,,,,,
#.####.....#...########******,,*


You could see a goblin.

Vanquished Creatures
  An adder (D:2)
  A dart slug (D:1)
  A giant cockroach (D:1)
  A goblin (D:2)
  2 hobgoblins
  2 jackals (D:1)
  3 frilled lizards
  4 kobolds (D:1)
  2 rats (D:1)
17 creatures vanquished.

Notes
Turn   | Place    | Note
-------+----------+-------------------------------------------
     0 | D:1      | Borgoz the Ghoul Enchanter began the quest for the Orb.
     0 | D:1      | Reached XP level 1. HP: 14/14 MP: 2/2
   423 | D:1      | Reached skill level 1 in Short Blades
   428 | D:1      | Reached XP level 2. HP: 13/19 MP: 3/3
  1258 | D:2      | Reached XP level 3. HP: 9/27 MP: 4/4
  1264 | D:2      | Slain by a goblin

Skill      XL: |  1  2 |
---------------+-------+-----
Short Blades   | 1 |  1.4
Dodging        | 2 |  2.1
Fighting       | |  0.6
Armour         | |  0.4
Stealth        | |  3.4
Spellcasting   | |  1.9
Hexes          | |  2.5

Action                   || total
-------------------------++-------
Melee: Dagger            ||    63
 Cast: Corona            ||     1
  Use: Scroll            ||     3
       Potion            ||     3
  Eat: Chunk             ||     6
Armor: Robe              ||     4
Dodge: Dodged            ||    34
